 Dungeon Crawl Stone Soup version 0.31-a0-233-g139696dc86 (webtiles) character file.

Game seed: 16979113814526677370

87 Nietzsche the Cutter (level 4, -2/28 (33) HPs)
             Began as a Vampire Reaver on July 8, 2023.
             Killed from afar by an orc wizard (10 damage)
             ... with a magic dart
             ... on level 3 of the Dungeon.
             The game lasted 00:06:34 (2302 turns).

Nietzsche the Cutter (Vampire Reaver)               Turns: 2302, Time: 00:06:34

HP:   -2/28 (33)    AC:  3    Str: 11    XL:     4   Next: 28%
MP:   7/7           EV: 12    Int: 17    God:
Gold: 97            SH:  0    Dex: 12    Spells: 6/7 levels left

rFire   . . .        a - +0 short sword
rCold   . . .        (no shield)
rNeg    . . .        b - +0 leather armour
rPois   .            (no helmet)
rElec   .            (no cloak)
rCorr   .            (no gloves)
SInv    +            (no boots)
Will    +....        (no amulet)
Stlth   ++           c - ring of willpower
HPRegen 0.44/turn    (no ring)
MPRegen 0.10/turn

%: no passive effects
@: healing quickly, heavily drained
A: alive, fangs 3, see invisible, vampiric 2
a: Exsanguinate


You were on level 3 of the Dungeon.
You visited 1 branch of the dungeon, and saw 3 of its levels.

You collected 97 gold pieces.

Inventory:

Hand Weapons
 a - a +0 short sword (weapon)
Armour
 b - a +0 leather armour (worn)
 i - a +0 scale mail of fire resistance
Magical Staves
 h - a staff of air
Jewellery
 c - a ring of willpower (left hand)
Scrolls
 f - a scroll of revelation {unknown}
 g - a scroll of silence {unknown}
 k - a scroll of brand weapon {unknown}
Potions
 d - a potion of heal wounds {unknown}
 e - a potion of curing {unknown}
 j - a potion of enlightenment {unknown}


   Skills:
 + Level 2.2 Fighting
 + Level 3.8 Short Blades
 + Level 1.2 Armour
 + Level 2.5 Dodging
 * Level 2.4 Stealth
 + Level 2.1 Spellcasting
 + Level 2.5 Conjurations


You had 6 spell levels left.
You knew the following spells:

 Your Spells              Type           Power      Damage    Failure   Level
a - Kiss of Death         Conj/Necr      24%        2d7       16%         1

Your spell library contained the following spells:

 Spells                   Type           Power      Damage    Failure   Level
 Momentum Strike          Conj/Tloc      12%        3d8       22%         2
 Hailstorm                Conj/Ice       6%         3d4       41%         3


Dungeon Overview and Level Annotations

Branches:
Dungeon (3/15)

Altars:

Shops:
D:1 *


Innate Abilities, Weirdness & Mutations

Your natural rate of healing is accelerated.
You have razor-sharp teeth.
You have supernaturally acute eyesight. (SInv)
You are afflicted with vampirism and can become a bat while bloodless.


Message History

The orc hits the bush but does no damage.
The orc wizard hits something but does no damage.
The orc hits you but does no damage.
You hit the orc.
The orc is lightly wounded.
You hit the orc.
The orc is heavily wounded.
The orc hits something but does no damage.
The orc wizard hits something with a +0 dagger.
The orc hits you with a +0 whip.
You barely miss the orc. You bite the orc, but do no damage.
The orc is heavily wounded.
The orc hits something but does no damage.
The orc hits you with a +0 whip.
You hit the orc but do no damage.
The orc is heavily wounded.
The orc hits you but does no damage.
You hit the orc.
The orc is heavily wounded.
The orc misses you.
You hit the orc.
You kill the orc!
The orc wizard casts a spell.
The orc wizard flickers and vanishes for a moment.
The orc wizard attacks as you move away!
The orc wizard hits you with a +0 dagger.
The orc wizard attacks as you move away!
The orc wizard hits you with a +0 dagger.
You closely miss the orc wizard.
You hit the orc wizard but do no damage.
The orc wizard gestures at you while chanting.
The magic dart hits you!
You hit the orc wizard.
You bite the orc wizard, but do no damage.
The orc wizard is lightly wounded.
The orc hits you with a +0 mace.
* * * LOW HITPOINT WARNING * * *
The orc wizard casts a spell at you. The magic dart hits you!
You die...

###############
#.o@..........#
#
##)##o.........#
#
#P.P#.#######..#
# #≈o≈### #..# #
#≈≈.≈≈# #..# #
#P≈≈≈.≈≈≈P. #..#
####
..............8
#..# #...
..#P≈≈≈.≈≈≈P...
#.(# #.## S
###≈≈.≈≈##.♣.
#..# #...


You could see an orc wizard (invisible) and an orc.

Vanquished Creatures
  A gnoll (D:1)
  An adder (D:2)
  A worm (D:2)
  3 dart slugs
  An orc (D:3)
  4 endoplasms
  2 giant cockroaches (D:1)
  5 goblins
  2 hobgoblins (D:2)
  3 jackals (D:1)
  3 quokkas
  3 ball pythons
  6 bats
  2 frilled lizards (D:1)
  9 kobolds
  11 rats
57 creatures vanquished.

Notes
Turn   | Place    | Note
-------+----------+-------------------------------------------
     0 | D:1      | Nietzsche the Vampire Reaver began the quest for the Orb.
     0 | D:1      | Reached XP level 1. HP: 16/16 MP: 3/3
   222 | D:1      | Reached skill level 1 in Stealth
   256 | D:1      | Found a faded altar of an unknown god.
   269 | D:1      | Reached XP level 2. HP: 21/22 MP: 3/5
   321 | D:1      | Found Noipnowy's General Store.
   449 | D:1      | Gained mutation: You are afflicted with vampirism and can
                  | become a bat while bloodless. [Vampire growth]
   449 | D:1      | Reached XP level 3. HP: 14/14 MP: 4/6
  1409 | D:2      | Reached skill level 1 in Armour
  1690 | D:2      | Reached XP level 4. HP: 27/28 MP: 7/7
  2302 | D:3      | Killed from afar by an orc wizard

Illustrated notes

Levels and vault maps discovered:
D:1:      matt_arrival_spirals, layout_basic,
          hellmonk_ecumenical_altar_heavens_door, serial_shops, shop
D:2:      layout_basic, dk_noncrumbling_4, corexii_hall_statues_u,
          minmay_misc_feat_doors, minmay_misc_feat_plants
D:3:      layout_basic, kennysheep_cross_bottleneck, dreamdust_princess_bridge,
          minmay_misc_feat_tiny

Skill      XL: |  1  2  3 |
---------------+----------+-----
Stealth        | 1 2 |  2.4
Fighting       | 2 |  2.2
Armour         | 1 |  1.2
Short Blades   | |  3.8
Dodging        | |  2.5
Spellcasting   | |  2.1
Conjurations   | |  2.5

Action                     |  1- 3 |  4- 6 || total
---------------------------+-------+-------++-------
  Melee: Short sword       |   195 |    31 ||   226
         Bite              |    10 |     3 ||    13
         Punch             |     1 |       ||     1
   Cast: Kiss of Death     |     5 |       ||     5
   Stab: Sleeping          |     3 |     2 ||     5
 Armour: Leather armour    |    44 |     2 ||    46
  Dodge: Dodged            |   111 |    14 ||   125

Table legend: (Time is in decaauts)
 A = Elapsed time spent in this place.
 B = Non-inter-level travel time spent in this place.
 C = Inter-level travel time spent in this place.
 D = Time resting spent in this place.
 E = Time spent auto-exploring this place.
 F = Levels seen in this place.
 G = Mean time per level.
                   A        B        C        D        E       F      G
               +--------+--------+--------+--------+--------+-----+--------+
         Total |   2260 |   2249 |     11 |     32 |   1578 |   3 |  753.3 |
       Dungeon |   2260 |   2249 |     11 |     32 |   1578 |   3 |  753.3 |
               +--------+--------+--------+--------+--------+-----+--------+

Top non-repeatable levels by time:
     D:2: 1087 daAuts
     D:1: 991 daAuts
     D:3: 181 daAuts
